 Dungeon Crawl Stone Soup version 0.30-a0-782-ge64f9170bb (webtiles) character file.

Game seed: 1815862104334205173

57478 tilp the Carver (level 15, -4/137 HPs)
             Began as a Meteoran Fighter on Mar 9, 2023.
             Was an Elder of Okawaru.
             Slain by a tyrant leech (23 damage)
             ... called by a spriggan druid
             ... on level 1 of the Swamp.
             The game lasted 00:56:38 (10527 turns).

tilp the Carver (Meteoran Fighter)                 Turns: 10527, Time: 00:56:39

Health: -4/137     AC: 26    Str: 18    XL:     15   Next: 69%
Magic:  23/23      EV: 23    Int: 10    God:    Okawaru [****..]
Gold:   174        SH: 14    Dex: 22    Spells: 14/14 levels left

rFire   . . .      SeeInvis .    a - +0 scimitar (flame)
rCold   . . .      Faith    +    X - +0 kite shield
rNeg    . . .      Spirit   .    Y - +0 swamp dragon scales
rPois   +          Reflect  .    o - +0 helmet
rElec   .          Harm     .    m - +1 cloak
rCorr   .          Rampage  .    p - +1 pair of gloves
Will    +....                    f - +2 pair of boots
Stlth   +                        q - amulet of faith
HPRegen 0.42/turn                z - +4 ring of protection
MPRegen 0.18/turn                t - ring of flight

@: heroic, flying, slowed, glowing, very slow
A: sense surroundings 2, otherworldly, glowing, explore regen, low MP 1
a: Renounce Religion, Heroism, Finesse


You were on level 1 of the Swamp.
You worshipped Okawaru.
Okawaru was greatly pleased with you.
You visited 5 branches of the dungeon, and saw 24 of its levels.

You collected 1730 gold pieces.
You spent 1556 gold pieces at shops.

Inventory:

Hand Weapons
 a - a +0 scimitar of flaming (weapon)
Missiles
 b - 7 atropa-tipped darts
 d - 14 curare-tipped darts
 l - 4 datura-tipped darts
 v - 7 silver boomerangs
 w - 8 boomerangs
 A - 11 javelins
 D - 3 silver javelins
 H - 3 boomerangs of dispersal
 K - 14 poisoned darts (quivered)
Armour
 f - a +2 pair of boots (worn)
 m - a +1 cloak (worn)
 o - a +0 helmet (worn)
 p - a +1 pair of gloves (worn)
 C - a +0 plate armour
 O - a +2 chain mail of fire resistance
 U - the +1 chain mail "Biupoic" {rC- rCorr Str+3 Slay+3}
   (You took it off an orc warrior on level 13 of the Dungeon)

   Str:       It affects your strength (+3).
   Slay:      It affects your accuracy & damage with ranged weapons and melee
   (+3).
   rC:        It makes you vulnerable to cold.
   rCorr:     It protects you from acid and corrosion.
 X - a +0 kite shield (worn)
 Y - +0 swamp dragon scales (worn)
Jewellery
 j - an amulet of reflection
 q - an amulet of faith (around neck)
 t - a ring of flight (right hand)
 z - a +4 ring of protection (left hand)
 M - a +6 ring of dexterity
Wands
 k - a wand of flame (39)
 n - a wand of polymorph (8)
 s - a wand of digging (10)
 u - a wand of mindburst (28)
 B - a wand of acid (4)
 N - a wand of paralysis (4)
Scrolls
 c - 2 scrolls of noise
 e - 2 scrolls of poison
 y - a scroll of vulnerability
 E - 2 scrolls of fog
 F - 5 scrolls of magic mapping
 G - a scroll of teleportation
 L - a scroll of enchant weapon
Potions
 g - a potion of lignification
 h - 2 potions of flight
 i - 3 potions of heal wounds
 r - 6 potions of curing
 x - 2 potions of brilliance
 I - 2 potions of might
 J - 3 potions of mutation
 P - 2 potions of haste
 Q - 3 potions of attraction
 R - 2 potions of ambrosia
 V - a potion of resistance
Miscellaneous
 W - a phial of floods


   Skills:
 * Level 13.6(18.6) Fighting
 - Level 14.0(19.0) Long Blades
 + Level 7.9(12.9) Throwing
 + Level 9.5(14.5) Armour
 + Level 12.9(17.9) Dodging
 + Level 7.9(12.9) Shields
 + Level 13.1 Invocations
 + Level 7.9 Evocations


You had 14 spell levels left.
You didn't know any spells.
Your spell library was empty.

Dungeon Overview and Level Annotations

Branches:
Dungeon (15/15) Zot: 1311  Temple (1/1) D:6 Zot: 573    Lair (5/5) D:10 Zot: 1505
  Swamp (1/4) Lair:2 Zot: 489  Spider (0/4) Lair:2          Orc (2/2) D:12 Zot: 346
    Elf (0/3) Orc:2        Vaults (0/5) D:13
  Slime: Lair:4-5    Depths: D:15

Altars:
Ashenzari
Cheibriados
Dithmenos
Elyvilon
Fedhas
Hepliaklqana
Kikubaaqudgha
Makhleb
Okawaru
Qazlal
Vehumet
Wu Jian
Yredelemnul
Zin

Shops:
D:3 !   D:6 *   D:8 *   D:12 [(   Orc:2 !=((


Innate Abilities, Weirdness & Mutations

You passively map the area around you.
You are easily found by Zot.
You glow in the dark.
You regain HP and MP as you explore.
Your magical capacity is low. (-10% MP)


Message History

You resist with almost no effort.
The tyrant leech bites you but does no damage.
You block the bog body's attack.
You barely miss the bog body.
The bog body is moderately damaged.
You block the tyrant leech's attack. The bog body touches you!
* * * LOW HITPOINT WARNING * * *
The bog body freezes you!
* * * LOW HITPOINT WARNING * * *
You feel much better. The tyrant leech bites you.
* * * LOW HITPOINT WARNING * * *
The tyrant leech draws strength from your injuries!
The bog body misses you. The tyrant leech barely misses you.
Unknown command.
You gain the combat prowess of a mighty hero.
The bog body completely misses you. The bog body misses you.
You block the tyrant leech's attack.
You slash the bog body! You burn the bog body.
The bog body is almost destroyed.
The bog body points at you and mumbles some strange words.
The bolt of cold misses you. You block the tyrant leech's attack.
You hit the bog body.
The bog body is almost destroyed.
You are engulfed in freezing vapours.
You block the bog body's attack.
The tyrant leech bites you but does no damage.
You barely miss the bog body.
The bog body is almost destroyed.
The bog body casts a spell at you. The bolt of cold hits you!
* * * LOW HITPOINT WARNING * * *
You block the tyrant leech's attack. The bog body misses you.
You hit the bog body but do no damage.
The bog body is almost destroyed.
You are engulfed in freezing vapours.
The tyrant leech closely misses you. The bog body barely misses you.
You slash the bog body! You burn the bog body.
You destroy the bog body!
Okawaru accepts your kill. The tyrant leech bites you!!
You die...

~ ♣.~~.§...~~♣ #≈#♣♣.♣ ,
* .....~♣♣.~♣♣♣ ### ♣.♣♣
* ,
,♣~~$...†~.♣.♣♣♣♣♣♣♣♣..♣
.~~~~~~)...~...♣.~♣♣♣~♣.
, , *~.~~§~~~....~~~~..
♣.♣.♣*
~.....~~....~§~.♣*
♣♣.♣.♣ ~ ~
.~~♣~~~.♣...~~.♣♣♣♣♣~~.♣
* ~
.♣~~.~..).†.~~.♣.~<..~.♣
* ,
..~.~~~~~~@w~~..~~~~~.♣
,
♣>♣~~~~~§~~~..~~~~†~♣.♣
*
♣♣...[.~~..~~.~♣~~~♣..♣
(.~~~~.~~~~..~~~~.♣♣ * *
♣~~.~~.~~~.~..~~~.♣ *
♣.~♣§~.♣~~.~♣.~~~.♣ ,,
♣..§~.~~~§~~~~.~..♣ *
.~§.!.~~.~.♣♣~.~~♣♣ ~ ,
.~~~.~


You could see a tyrant leech.

Vanquished Creatures
  Kirke (Arena)
  The ghost of gengaozo the Destroyer, a journeyman TeFE of Vehumet (D:13)
  4 vault guards
  A hydra (D:13)
  A catoblepas (D:13)
  2 alligators (Lair:2)
  A merfolk avatar (Lair:5)
  2 two-headed ogres
  A tengu warrior (D:12)
  9 death yaks
  3 orc high priests (Orc:2)
  A goliath frog (Swamp:1)
  A skeletal warrior (D:12)
  A skyshark (Lair:2)
  A swamp dragon (Arena)
  A spriggan druid (Swamp:1)
  3 bog bodies
  A deep elf pyromancer (D:13)
  3 harpies
  6 orc knights
  4 cyclopes
  4 orc sorcerers
  2 ugly things
  2 manticores (D:13)
  A will-o-the-wisp (Swamp:1)
  15 elephants
  4 black mambas
  3 komodo dragons
  5 cane toads
  3 rime drakes
  A kobold demonologist (D:13)
  An efreet (D:12)
  4 trolls
  A meliai (D:13)
  A hornet (Lair:5)
  A polar bear (Lair:5)
  Prince Ribbit (D:5)
  2 snapping turtles (Lair:5)
  3 vampires (D:13)
  5 slime creatures
  40 yaks
  6 wraiths
  5 wyverns
  6 steam dragons
  7 humans (D:13)
  A basilisk (Lair:5)
  A vampire mosquito (D:13)
  7 wargs
  5 swamp worms
  3 water moccasins
  18 orc warriors
  3 black bears
  An ice beast (D:6)
  2 ogres
  6 wolves (Lair:1)
  2 centaurs (D:11)
  5 bullfrogs
  5 kobold brigands
  2 gnoll sergeants (D:6)
  A necrophage (D:6)
  7 scorpions
  7 wights
  6 killer bees
  6 howler monkeys
  An electric eel (Lair:2)
  A jelly (D:5)
  A hound (D:5)
  A gnoll bouda (D:10)
  15 orc priests
  19 orc wizards
  2 iguanas
  Ijyb (D:4)
  4 adders
  22 gnolls
  3 white imps
  A worm (D:3)
  A dart slug (D:4)
  38 orcs
  3 ball pythons
  5 endoplasms
  10 giant cockroaches
  7 goblins
  12 hobgoblins
  7 jackals
  51 kobolds
  3 quokkas
  9 bats
  A frilled lizard (D:3)
  5 rats
  A spectral goblin (D:13)
483 creatures vanquished.

Vanquished Creatures (others)
  A goliath frog (Swamp:1)
  A hornet (D:8)
  2 bloated husks (Swamp:1)
  A swamp worm (Swamp:1)
  11 orcs
  A bush (Lair:5)
  5 foxfires (Swamp:1)
  15 fungi
  53 plants
90 creatures vanquished.

Grand Total: 573 creatures vanquished

Notes
Turn   | Place    | Note
-------+----------+-------------------------------------------
     0 | D:1      | tilp the Meteoran Fighter began the quest for the Orb.
     0 | D:1      | Reached XP level 1. HP: 19/19 MP: 2/2
    61 | D:1      | Reached XP level 2. HP: 25/26 MP: 3/3
   101 | D:1      | Reached skill level 3 in Long Blades
   208 | D:1      | Reached skill level 1 in Dodging
   261 | D:1      | Reached XP level 3. HP: 22/31 MP: 4/4
   416 | D:3      | Found a stormy altar of Qazlal.
   422 | D:3      | Found a blossoming altar of Fedhas.
   556 | D:3      | Found Jyixawk's Distillery.
   567 | D:3      | Reached XP level 4. HP: 37/40 MP: 5/5
   598 | D:4      | Noticed a scorpion
   608 | D:4      | Killed a scorpion
   609 | D:4      | Reached skill level 4 in Long Blades
   609 | D:4      | Reached XP level 5. HP: 40/46 MP: 6/6
   715 | D:4      | Noticed Ijyb
   742 | D:4      | Killed Ijyb
   743 | D:4      | Reached skill level 5 in Long Blades
   768 | D:3      | Found an ornate altar of the Wu Jian Council.
   776 | D:3      | Found a faded altar of an unknown god.
   779 | D:3      | Found an ancient bone altar of Kikubaaqudgha.
  1018 | D:3      | Reached XP level 6. HP: 41/52 MP: 7/7
  1068 | D:3      | Reached skill level 6 in Long Blades
  1209 | D:3      | Reached skill level 1 in Throwing
  1209 | D:3      | Reached XP level 7. HP: 35/59 MP: 8/8
  1216 | D:3      | Reached skill level 1 in Evocations
  1434 | D:3      | Bought a potion of curing for 39 gold pieces
  1434 | D:3      | Bought a potion of might for 52 gold pieces
  1434 | D:3      | Bought a potion of heal wounds for 65 gold pieces
  1587 | D:5      | Entered Level 5 of the Dungeon
  1650 | D:5      | Reached skill level 5 in Fighting
  1660 | D:5      | Reached XP level 8. HP: 68/68 MP: 9/9
  1789 | D:4      | Reached skill level 7 in Long Blades
  1984 | D:5      | Noticed a steam dragon
  2009 | D:5      | Killed a steam dragon
  2034 | D:5      | Noticed Prince Ribbit
  2042 | D:5      | Killed Prince Ribbit
  2106 | D:5      | Reached skill level 8 in Long Blades
  2151 | D:5      | Gained mutation: You passively map the area around you.
                  | [Meteoran growth]
  2151 | D:5      | Reached XP level 9. HP: 70/78 MP: 10/10
  2294 | D:6      | Noticed Duvessa
  2294 | D:6      | Noticed Dowan
  2606 | D:6      | Duvessa changed into Duvessa the bullfrog
  2606 | D:6      | Noticed Duvessa
  2611 | D:6      | Killed Duvessa the bullfrog
  2612 | D:6      | Dowan changed into Dowan the killer bee
  2612 | D:6      | Noticed Dowan
  2621 | D:6      | Killed Dowan the killer bee
  2629 | D:6      | Reached skill level 9 in Long Blades
  2629 | D:6      | Reached skill level 5 in Dodging
  2860 | D:6      | Found Siuziogh's General Store.
  2937 | D:6      | Found a staircase to the Ecumenical Temple.
  2946 | Temple   | Entered the Ecumenical Temple
  2960 | Temple   | Became a worshipper of Warmaster Okawaru
  3168 | D:8      | Noticed a hornet
  3183 | D:8      | Paralysed by a hornet for 2 turns
  3184 | D:8      | Killed a hornet
  3215 | D:8      | Reached skill level 10 in Long Blades
  3254 | D:8      | Found Foutyohu's General Store.
  3272 | D:8      | Reached XP level 10. HP: 33/83 MP: 11/11
  3291 | D:8      | Reached skill level 1 in Invocations
  3293 | D:8      | Bought a potion of degeneration for 15 gold pieces
  3451 | D:9      | Reached * piety under Okawaru
  3659 | D:10     | Entered Level 10 of the Dungeon
  3965 | D:10     | Reached ** piety under Okawaru
  3973 | D:10     | Reached skill level 5 in Shields
  3994 | D:10     | Found a glowing silver altar of Zin.
  4023 | D:10     | Reached skill level 5 in Armour
  4079 | D:10     | Reached XP level 11. HP: 38/97 MP: 15/15
  4086 | D:10     | Reached skill level 5 in Invocations
  4149 | D:10     | Reached *** piety under Okawaru
  4169 | D:10     | Found a staircase to the Lair.
  4246 | D:10     | Noticed a two-headed ogre
  4257 | D:10     | Killed a two-headed ogre
  4257 | D:10     | Received a gift from Okawaru
  4445 | D:10     | Found a white marble altar of Elyvilon.
  4898 | D:11     | Reached skill level 10 in Fighting
  4907 | D:11     | Noticed a cyclops
  5296 | D:11     | Reached skill level 11 in Long Blades
  5368 | D:11     | Noticed a two-headed ogre
  5381 | D:11     | Killed a two-headed ogre
  5381 | D:11     | Reached **** piety under Okawaru
  5385 | D:11     | Noticed a cyan ugly thing
  5393 | D:11     | Killed a cyan ugly thing
  5393 | D:11     | Received a gift from Okawaru
  5520 | D:12     | Noticed a cyclops
  5521 | D:12     | Noticed a skeletal warrior
  5524 | D:12     | Noticed a skeletal warrior
  5528 | D:12     | Noticed a skeletal warrior
  5574 | D:13     | Noticed Kirke
  5574 | D:13     | Noticed a manticore
  5608 | D:12     | Reached XP level 12. HP: 106/106 MP: 19/19
  5669 | D:12     | Reached skill level 12 in Long Blades
  5906 | D:12     | Found Aguhaub's Weapon Shoppe.
  5906 | D:12     | Found a staircase to the Orcish Mines.
  5912 | D:12     | Found Fuodaihe's Armour Shoppe.
  5925 | D:12     | Bought a +2 chain mail of fire resistance for 236 gold
                  | pieces
  5972 | D:12     | Reached ***** piety under Okawaru
  5973 | D:12     | Reached skill level 10 in Dodging
  6014 | D:12     | Killed a skeletal warrior
  6014 | D:12     | Received a gift from Okawaru
  6015 | D:12     | Reached skill level 13 in Long Blades
  6095 | Orc:1    | Entered Level 1 of the Orcish Mines
  6166 | Orc:2    | Entered Level 2 of the Orcish Mines
  6260 | Orc:1    | Noticed an orc warlord
  6270 | Orc:1    | Noticed a soul eater
  6283 | Orc:2    | Found a burning altar of Makhleb.
  6336 | Orc:2    | Noticed an orc knight
  6364 | Orc:2    | Killed an orc knight
  6364 | Orc:2    | Received a gift from Okawaru
  6365 | Orc:2    | Reached skill level 14 in Long Blades
  6375 | Orc:2    | Gained mutation: Your magical capacity is low. (-10% MP) [a
                  | neqoxec]
  6376 | Arena    | Entered the Arena
  6486 | Orc:2    | Noticed an orc knight
  6506 | Orc:2    | Killed an orc knight
  6579 | Orc:2    | Noticed an orc high priest
  6590 | Orc:2    | Killed an orc high priest
  6591 | Orc:2    | Reached XP level 13. HP: 102/114 MP: 16/18
  6596 | Orc:2    | Received a gift from Okawaru
  6636 | Orc:2    | Reached skill level 5 in Throwing
  6636 | Orc:2    | Reached skill level 5 in Evocations
  6686 | Arena    | Entered the Arena
  6698 | Arena    | Received a gift from Okawaru
  6741 | Orc:2    | Found Ybrabi's Weapon Emporium.
  6741 | Orc:2    | Found Ciobraaph's Distillery.
  6743 | Orc:2    | Found Larraru's Weapon Emporium.
  6743 | Orc:2    | Found Peroc's Jewellery Boutique.
  6756 | Orc:2    | Bought an amulet of faith for 440 gold pieces
  6756 | Orc:2    | Bought a ring of flight for 192 gold pieces
  6758 | Orc:2    | Bought a potion of curing for 36 gold pieces
  7145 | Lair:1   | Entered Level 1 of the Lair of Beasts
  7145 | Lair:1   | Noticed a death yak
  7145 | Lair:1   | Noticed a death yak
  7145 | Lair:1   | Noticed a death yak
  7145 | Lair:1   | Noticed a death yak
  7145 | Lair:1   | Noticed a death yak
  7145 | Lair:1   | Noticed a death yak
  7169 | Lair:1   | Killed a death yak
  7175 | Lair:1   | Killed a death yak
  7176 | Lair:1   | Killed a death yak
  7182 | Lair:1   | Killed a death yak
  7184 | Lair:1   | Killed a death yak
  7189 | Lair:1   | Killed a death yak
  7203 | Lair:1   | Reached skill level 10 in Invocations
  7286 | Lair:1   | Reached XP level 14. HP: 126/126 MP: 20/20
  7426 | Lair:2   | Received a gift from Okawaru
  7627 | Lair:2   | Found a staircase to the Swamp.
  7723 | Lair:2   | Found a hole to the Spider Nest.
  8056 | Arena    | Entered the Arena
  8107 | Lair:5   | Entered Level 5 of the Lair of Beasts
  8142 | Lair:4   | Received a gift from Okawaru
  8330 | Lair:5   | Identified the +1 plate armour of the Endless Expanse
                  | {rPois rC- Will+ Str+4} (Okawaru gifted it to you on level
                  | 5 of the Lair of Beasts)
  8330 | Lair:5   | Received a gift from Okawaru
  8414 | Arena    | Entered the Arena
  8429 | Arena    | Reached XP level 15. HP: 93/134 MP: 17/22
  8874 | D:3      | Bought a potion of heal wounds for 65 gold pieces
  8874 | D:3      | Bought 2 potions of ambrosia for 208 gold pieces
  8874 | D:3      | Bought a potion of attraction for 39 gold pieces
  8874 | D:3      | Bought a potion of heal wounds for 65 gold pieces
  8874 | D:3      | Bought a potion of mutation for 104 gold pieces
  9146 | D:13     | Found a runed translucent gate.
  9146 | D:13     | Noticed gengaozo's ghost (journeyman TeFE)
  9147 | D:13     | Found a runed translucent gate.
  9148 | D:13     | Found a runed translucent gate.
  9149 | D:13     | Identified the +1 chain mail "Biupoic" {rC- rCorr Str+3
                  | Slay+3}
  9628 | D:13     | Killed gengaozo's ghost
  9745 | D:13     | Found a gate to the Vaults.
  9818 | D:13     | Received a gift from Okawaru
  9946 | Arena    | Entered the Arena
  9971 | Arena    | Killed Kirke
  9971 | Arena    | Received a gift from Okawaru
 10049 | D:13     | Found a hazy altar of Hepliaklqana.
 10113 | D:15     | Entered Level 15 of the Dungeon
 10292 | Swamp:1  | Entered Level 1 of the Swamp
 10306 | Arena    | Entered the Arena
 10385 | Lair:2   | Received a gift from Okawaru
 10517 | Swamp:1  | HP: 5/137 [bog body (13)]
 10527 | Swamp:1  | Slain by a tyrant leech

Illustrated notes

Levels and vault maps discovered:
D:1:      minmay_arrival_four_houses, layout_loops_cross
D:2:      layout_loops_ring
D:3:      minmay_goblin_kobold_castle, layout_basic,
          grunt_temple_overflow_forces_of_nature,
          nicolae_overflow_ecumenical_swirl, overflow_temple_1_default,
          serial_shops, shop_statue, grunt_decor_one_mirror, minmay_circle_x
D:4:      layout_basic, uniq_ijyb
D:5:      layout_layer_cave, serial_rivers, chequers_serial_rivers_large_a,
          chequers_serial_rivers_small_3, chequers_serial_rivers_marsh,
          chequers_serial_rivers_micro_e, chequers_serial_rivers_micro_e,
          uniq_prince_ribbit1
D:6:      kennysheep_six_static_rooms, layout_loops_corners,
          minmay_temple_entry_junction_2, serial_shops, nicolae_take_the_stairs,
          minmay_misc_feat_roman, uniq_duvessa
D:7:      wad_pebble_path, layout_basic
D:8:      minmay_thinvault, layout_rooms, special_room [special_room_orc],
          serial_shops, shop_statue, grunt_ministairs_3
D:9:      layout_roguey
D:10:     layout_roguey, mainiacjoe_overflow_cross_hatched, kennysheep_mini,
          david_lair_shrubbed, dreamdust_gnoll_shepherd
D:11:     layout_basic
D:12:     layout_gridville, orc_david_3
D:13:     layout_irregular_city, lightli_vaults_fourway_checkpoint,
          biasface_ghost_orc_armoury, nicolae_hepliaklqana_monster_ancestors,
          uniq_kirke
D:14:     layout_irregular_city, chequers_serial_rivers_room_b,
          minmay_statue_crystal_thing
D:15:     grunt_enter_depths_hoard, layout_cave_pods, gammafunk_ghost_spectres
Temple:   nicolae_temple_superstar
Lair:1:   layout_cave_pods, serial_bayou_pond_a, serial_bayou_lagoon_a,
          grunt_megastairs_5, infiniplex_staircase_pool_2
Lair:2:   layout_regular_city, nicolae_swamp_entry_splash_gauntlet,
          nicolae_spider_entry_non_spiders
Lair:3:   layout_misc_corridors, serial_forest, infiniplex_forest_3_way,
          infiniplex_forest_lined_3, infiniplex_forest_lined_2,
          infiniplex_forest_clump_medium, infiniplex_forest_clump_medium,
          infiniplex_forest_zigzag_1, infiniplex_forest_lined_ring,
          infiniplex_forest_lined_2, grunt_megastairs_3
Lair:4:   layout_cave_pods, hellmonk_ghost_happy_afterlife, beast_lair_carwin_5,
          serial_bayou_shore_a
Lair:5:   gammafunk_lair_ancient_temple, layout_regular_city,
          dpeg_slime_entry_enclosed
Swamp:1:  layout_falls_marsh, nicolae_swamp_small_spring, swamp_pool4,
          uniq_jorgrun
Orc:1:    layout_caves
Orc:2:    grunt_orc_tribal_feast, layout_caves, basic_altar, bloody_makhleb

Skill      XL: |  1  2  3  4  5  6  7  8  9 10 11 12 13 14 15 |
---------------+----------------------------------------------+-----
Long Blades    | 3 4 5 6 8 10 11 14 | 14.0
Dodging        | 1 2 3 4 6 8 10 11 12 | 12.9
Fighting       | 4 5 6 8 9 10 12 13 | 13.6
Throwing       | 1 2 3 4 6 7 |  7.9
Shields        | 4 5 6 7 |  7.9
Evocations     | 1 2 3 4 6 7 |  7.9
Armour         | 4 5 6 8 9 |  9.5
Invocations    | 4 8 10 12 13 | 13.1

Action                     |  1- 3 |  4- 6 |  7- 9 | 10-12 | 13-15 || total
---------------------------+-------+-------+-------+-------+-------++-------
  Melee: Long sword        |    91 |   196 |   385 |   499 |       ||  1171
         Unarmed           |       |    17 |       |       |    12 ||    29
         Scimitar          |       |       |       |   262 |   914 ||  1176
  Throw: Dart              |       |       |       |     5 |     1 ||     6
         Boomerang         |       |       |       |     5 |       ||     5
         Javelin           |       |       |       |       |     1 ||     1
 Invoke: Heroism           |       |       |       |     9 |    12 ||    21
         Duel              |       |       |       |     1 |     5 ||     6
         Finesse           |       |       |       |       |     3 ||     3
  Evoke: Wand              |       |       |     8 |     6 |     7 ||    21
    Use: Potion            |       |     1 |     1 |     1 |     6 ||     9
         Scroll            |       |       |     8 |     7 |    10 ||    25
   Stab: Confused          |       |       |       |       |     2 ||     2
 Armour: Scale mail        |    62 |    91 |   101 |       |   124 ||   378
         Chain mail        |       |       |    74 |   116 |   151 ||   341
         Plate armour      |       |       |       |   159 |       ||   159
         Swamp dragon scal |       |       |       |       |    22 ||    22
  Dodge: Dodged            |    48 |    65 |   107 |   160 |   453 ||   833
  Block: Buckler           |    61 |   137 |   212 |   361 |   290 ||  1061
         Reflection        |     3 |     2 |     3 |    20 |     4 ||    32
         Other             |       |     1 |       |       |       ||     1
         Kite shield       |       |       |       |       |    89 ||    89

Table legend: (Time is in decaauts)
 A = Elapsed time spent in this place.
 B = Non-inter-level travel time spent in this place.
 C = Inter-level travel time spent in this place.
 D = Time resting spent in this place.
 E = Time spent auto-exploring this place.
 F = Levels seen in this place.
 G = Mean time per level.
                   A        B        C        D        E       F      G
               +--------+--------+--------+--------+--------+-----+--------+
         Total |  10316 |   8496 |   1820 |    231 |      0 |  30 |  343.9 |
       Dungeon |   7688 |   6333 |   1355 |    196 |      0 |  15 |  512.5 |
        Temple |     26 |     14 |     12 |      0 |      0 |   1 |   26.0 |
          Lair |   1494 |   1143 |    351 |      1 |      0 |   5 |  298.8 |
         Swamp |    109 |    107 |      2 |      0 |      0 |   1 |  109.0 |
  Orcish Mines |    853 |    754 |     99 |     14 |      0 |   2 |  426.5 |
         Arena |    143 |    143 |      0 |     19 |      0 |   6 |   23.8 |
               +--------+--------+--------+--------+--------+-----+--------+

Top non-repeatable levels by time:
     D:3: 1048 daAuts
    D:11: 1038 daAuts
    D:13: 912 daAuts
     D:5: 734 daAuts
    D:10: 733 daAuts
    D:12: 657 daAuts
   Orc:2: 645 daAuts
     D:6: 582 daAuts
     D:9: 530 daAuts
  Lair:2: 528 daAuts
     D:4: 509 daAuts
     D:8: 418 daAuts
     D:1: 354 daAuts
  Lair:1: 290 daAuts
  Lair:3: 233 daAuts
